 Dungeon Crawl Stone Soup version 0.31-a0-1074-g0b22e4e0f1 (webtiles) character file.

Game seed: 1336232008522282058

27 IdlyInterested the Changeling (level 2, -2/21 HPs)
             Began as a Demonspawn Shapeshifter on Dec 7, 2023.
             Slain by a worm (9 damage)
             ... on level 2 of the Dungeon.
             The game lasted 00:01:44 (292 turns).

IdlyInterested the Changeling (DsSh)                 Turns: 292, Time: 00:01:44

Health: -2/21      AC:  2    Str: 14    XL:     2   Next: 93%
Magic:  2/2        EV: 12    Int: 11    God:
Gold:   41         SH:  0    Dex: 12    Spells: 1/1 levels left

rFire   . .          .
                       - Unarmed
rCold   . . .        (no shield)
rNeg    . . .        a - +0 animal skin
rPois   .            (helmet currently unavailable)
rElec   .            (cloak currently unavailable)
rCorr   .            (gloves currently unavailable)
SInv    .            (boots currently unavailable)
Will    .....        (no amulet)
Stlth   +            (no ring)
HPRegen 0.23/turn    (no ring)
MPRegen 0.08/turn

%: no passive effects
@: beast-form
A: beast (slay +1), demonic guardian 1
a: Begin Untransformation


You were on level 2 of the Dungeon.
You were a hulking beast.
You visited 1 branch of the dungeon, and saw 2 of its levels.

You collected 41 gold pieces.

Inventory:

Hand Weapons
 f - a +0 short sword
Missiles
 j - 4 stones
Armour
 a - a +0 animal skin (worn)
 e - a +0 robe of fire resistance
 i - a +0 ring mail
Talismans
 c - a beast talisman
 d - a flux talisman
Scrolls
 h - 2 scrolls of identify {unknown}
Potions
 b - a potion of lignification
 g - a potion of brilliance {unknown}


   Skills:
 - Level 1.0 Fighting
 * Level 2.4 Dodging
 + Level 2.9 Unarmed Combat
 * Level 3.1 Shapeshifting


You had one spell level left.
You didn't know any spells.
Your spell library was empty.

Dungeon Overview and Level Annotations

Branches:
Dungeon (1/15)

Altars:

Shops:
D:1 (


Innate Abilities, Weirdness & Mutations

You are a hulking beast.
Your limbs bulge with bestial killing power. (Slay +1)
A weak demonic guardian rushes to your aid.


Message History

The ball python hisses angrily.
The endoplasm freezes you.
You are frozen.
The endoplasm attacks as it pursues you!
The endoplasm hits you.
You hit the endoplasm.
The endoplasm is severely wounded.
You hit the endoplasm.
The endoplasm is almost dead.
The endoplasm hits you.
You hit the endoplasm.
You kill the endoplasm!
You hit the endoplasm.
The endoplasm is lightly wounded.
The endoplasm hits you.
You barely miss the endoplasm. You punch the endoplasm.
The endoplasm is severely wounded.
The endoplasm barely misses you.
You barely miss the endoplasm.
The endoplasm is severely wounded.
The endoplasm hits you but does no damage.
You hit the endoplasm.
You kill the endoplasm!
The ball python bites you. The ball python misses you.
You hit the ball python.
You kill the ball python!
You hit the goblin.
You kill the goblin!
The worm bites you.
* * * LOW HITPOINT WARNING * * *
You see here a +0 club.
You hit the worm.
The worm is lightly wounded.
You hit the worm.
The worm is moderately wounded.
The worm completely misses you.
You hit the worm.
The worm is moderately wounded.
The worm bites you!
You die...

####..... ........#
#....... ##
##+#+#.##... ..
#......##..#.#
#......##... #
.##.###......##.##.#.#
............†..w$...>#
..#####......##h##.....
#......##.# .##
##+#.#.##.# .........
#.#.#.##.## .?.....##.#
## #.####.# .# #.# ...


You could see a worm.

Vanquished Creatures
  A dart slug (D:1)
  A ball python (D:2)
  3 bats (D:1)
  2 endoplasms (D:2)
  A giant cockroach (D:1)
  3 goblins
  A hobgoblin (D:2)
  4 jackals (D:1)
  A kobold (D:1)
  A quokka (D:1)
  A frilled lizard (D:1)
  2 rats (D:1)
21 creatures vanquished.

Notes
Turn   | Place    | Note
-------+----------+-------------------------------------------
     0 | D:1      | IdlyInterested the Demonspawn Shapeshifter began the quest
                  | for the Orb.
     0 | D:1      | Reached XP level 1. HP: 15/15 MP: 1/1
    45 | D:1      | Found a faded altar of an unknown god.
    65 | D:1      | Gained mutation: A weak demonic guardian rushes to your
                  | aid. [demonic ancestry]
    65 | D:1      | Reached XP level 2. HP: 12/21 MP: 2/2
   165 | D:1      | Found Omoexkiu's Antique Weapon Boutique.
   183 | D:1      | Reached skill level 3 in Shapeshifting
   260 | D:1      | You fall into a shaft and drop 1 floor!
   292 | D:2      | Slain by a worm

Illustrated notes

Levels and vault maps discovered:
D:1:      dpeg_arrival_rooms_with_view, layout_rooms,
          ebering_ecumenical_altar_sacrificial, serial_shops,
          nicolae_diamond_shop
D:2:      layout_basic, basic_altar, dreamdust_wishing_well

Skill      XL: |  1  2 |
---------------+-------+-----
Dodging        | 2 |  2.4
Shapeshifting  | 3 |  3.1
Fighting       | |  1.0
Unarmed Combat | |  2.9

Action                     || total
---------------------------++-------
  Melee: Unarmed           ||    61
         Punch             ||     2
 Armour: Animal skin       ||    32
  Dodge: Dodged            ||    32

Table legend: (Time is in decaauts)
 A = Elapsed time spent in this place.
 B = Non-inter-level travel time spent in this place.
 C = Inter-level travel time spent in this place.
 D = Time resting spent in this place.
 E = Time spent auto-exploring this place.
 F = Levels seen in this place.
 G = Mean time per level.
                   A        B        C        D        E       F      G
               +--------+--------+--------+--------+--------+-----+--------+
         Total |    288 |    261 |     27 |     75 |      0 |   2 |  144.0 |
       Dungeon |    288 |    261 |     27 |     75 |      0 |   2 |  144.0 |
               +--------+--------+--------+--------+--------+-----+--------+

Top non-repeatable levels by time:
     D:1: 257 daAuts
     D:2: 31 daAuts
